 Dungeon Crawl Stone Soup version 0.31-a0-263-ge8cad7f256 (webtiles) character file.

Game seed: 12755545935891498770

385 qw the Shooter (level 6, 0/55 HPs)
             Began as a Minotaur Hexslinger on July 13, 2023.
             Slain by an ice beast (7 damage)
             ... on level 5 of the Dungeon.
             The game lasted 00:01:12 (3977 turns).

qw the Shooter (Minotaur Hexslinger)                Turns: 3977, Time: 00:01:12

Health: 0/55       AC:  7    Str: 13    XL:     6   Next: 48%
Magic:  6/6        EV: 11    Int: 10    God:
Gold:   176        SH:  0    Dex: 14    Spells: 6/7 levels left

rFire   . . .        j - +3 sling (heavy)
rCold   + . .        (no shield)
rNeg    . . .        i - +0 ring mail
rPois   .            (helmet restricted)
rElec   .            (no cloak)
rCorr   .            l - +1 pair of gloves
SInv    .            (no boots)
Will    .....        (no amulet)
Stlth   +            a - ring of protection from cold
HPRegen 0.29/turn    (no ring)
MPRegen 0.10/turn

%: no passive effects
@: about to teleport
A: horns 2, retaliatory headbutt
a: no special abilities


You were on level 5 of the Dungeon.
You visited 1 branch of the dungeon, and saw 5 of its levels.

You collected 176 gold pieces.


Innate Abilities, Weirdness & Mutations

You have a pair of horns on your head.
You reflexively headbutt those who attack you in melee.


   Skills:
 - Level 4.9 Fighting
 + Level 6.0 Ranged Weapons
 - Level 1.3 Armour
 - Level 2.1 Dodging
 - Level 1.0 Spellcasting
 - Level 2.0 Hexes


You had 6 spell levels left.
You knew the following spells:

 Your Spells              Type           Power      Damage    Failure   Level
a - Slow                  Hex            16%        N/A       32%         1

Your spell library contained the following spells:

 Spells                   Type           Power      Damage    Failure   Level
 Inner Flame              Hex/Fire       2%         N/A       82%         3
 Portal Projectile        Hex/Tloc       4%         N/A       82%         3
 Cause Fear               Hex            2%         N/A       97%         4

Inventory:

Hand Weapons
 j - a +3 heavy sling (weapon)
Armour
 i - a +0 ring mail (worn)
 l - a +1 pair of gloves (worn)
Jewellery
 a - a ring of protection from cold (left hand)
Scrolls
 c - 4 scrolls of teleportation
 n - a scroll of identify
Potions
 d - a potion of heal wounds
 g - a potion of lignification {unknown}
 h - a potion of enlightenment
 k - a potion of might {unknown}
 o - a potion of mutation {unknown}

Dungeon Overview and Level Annotations

Branches:
Dungeon (5/15)
 Temple: D:4-7

Altars:

Shops:
D:4 *


Message History

You headbutt the ice beast! You shoot a sling bullet.
The sling bullet hits the ice beast.
The ice beast is severely wounded.
The ice beast hits you. The ice beast freezes you. You resist.
The ice beast hits you but does no damage. x3
You shoot a sling bullet.
The sling bullet closely misses the ice beast.
The ice beast hits you. The ice beast freezes you. You resist.
The ice beast barely misses you. The ice beast closely misses you.
The ice beast hits you but does no damage.
You shoot a sling bullet. The sling bullet hits the ice beast.
The ice beast is almost dead.
The ice beast hits you. The ice beast freezes you. You resist.
The ice beast hits you. The ice beast freezes you. You resist.
The ice beast hits you but does no damage.
The ice beast closely misses you.
You shoot a sling bullet.
The sling bullet closely misses the ice beast.
The ice beast hits you. The ice beast freezes you. You resist.
The ice beast hits you. The ice beast freezes you! You resist.
You shoot a sling bullet.
The sling bullet closely misses the ice beast.
The ice beast hits you but does no damage.
The ice beast closely misses you. You furiously retaliate!
You headbutt the ice beast!
The ice beast hits you but does no damage. x2
You shoot a sling bullet.
The sling bullet hits the ice beast but does no damage.
The ice beast is almost dead.
The ice beast misses you. The ice beast hits you. The ice beast freezes you.
You resist. The ice beast closely misses you. You furiously retaliate!
You headbutt the ice beast!
You kill the ice beast!
The ice beast hits you. The ice beast freezes you. You resist.
Your Fighting skill increases to level 4!
3977 ||| READING 5 scrolls of teleportation.
As you read the scroll of teleportation, it crumbles to dust.
You feel strangely unstable. The ice beast hits you. The ice beast freezes you!
You resist.
You die...

#........
#.......
.......
.....#
....# ...
#####Y##
#....@.#
#......#
#......#
#......#
#......#
#....).#
#...<..#
#......#
#......#


You could see an ice beast.

Vanquished Creatures
  An ogre (D:4)
  An ice beast (D:5)
  A scorpion (D:3)
  4 adders
  A shadow imp (D:3)
  An ufetubus (D:4)
  3 worms
  4 dart slugs
  12 orcs
  7 ball pythons
  4 endoplasms
  2 giant cockroaches (D:1)
  7 hobgoblins
  2 quokkas
  7 bats
  2 frilled lizards
  5 goblins
  11 kobolds
  6 rats
81 creatures vanquished.

Notes
Turn   | Place    | Note
-------+----------+-------------------------------------------
     0 | D:1      | qw the Minotaur Hexslinger began the quest for the Orb.
     0 | D:1      | Reached XP level 1. HP: 16/16 MP: 1/1
     0 | D:1      | 0 ||| qw: Version: 0.3-a-52-g30416fa
     0 | D:1      | 0 ||| qw: Game counter: 7495
     0 | D:1      | 0 ||| qw: Melee chars always use a shield: true
     0 | D:1      | 0 ||| qw: God list: Okawaru
     0 | D:1      | 0 ||| qw: Allow faded altars: false
     0 | D:1      | 0 ||| qw: Do Orc after clearing Dungeon:15 true
     0 | D:1      | 0 ||| qw: Do second Lair branch before Depths: true
     0 | D:1      | 0 ||| qw: Lair rune preference: random
     0 | D:1      | 0 ||| qw: Goals: Normal
     0 | D:1      | 0 ||| PLANNING D:1-11
   182 | D:1      | Reached skill level 3 in Ranged Weapons
   182 | D:1      | Reached XP level 2. HP: 12/23 MP: 2/2
   729 | D:1      | 729 ||| DROPPING scroll of poison.
   847 | D:2      | Reached XP level 3. HP: 29/29 MP: 3/3
   997 | D:2      | Reached skill level 4 in Ranged Weapons
  1130 | D:2      | HP: 6/29 [worm (9)]
  1681 | D:2      | 1681 ||| UPGRADING to +0 ring mail.
  1691 | D:2      | 1691 ||| DROPPING +0 robe.
  1692 | D:2      | 1692 ||| READING 2 scrolls labelled IRUFUESM NITID.
  1693 | D:2      | 1693 ||| READING scroll of enchant weapon.
  1693 | D:2      | 1693 ||| ENCHANTING +2 sling.
  1694 | D:2      | 1694 ||| READING 2 scrolls labelled NIOCRI HIPTA.
  1695 | D:2      | 1695 ||| READING scroll labelled COSMAI EFUPH.
  1699 | D:2      | 1699 ||| DRINKING 2 fuming inky potions.
  1700 | D:2      | 1700 ||| DROPPING scroll of vulnerability.
  1753 | D:3      | Reached XP level 4. HP: 36/36 MP: 4/4
  1754 | D:3      | Reached skill level 1 in Armour
  2219 | D:3      | Found a faded altar of an unknown god.
  2343 | D:3      | Reached skill level 5 in Ranged Weapons
  2647 | D:3      | 2647 ||| UPGRADING to ring of protection from cold.
  2648 | D:3      | 2648 ||| READING scroll labelled GIMPEK PUKHEI.
  2649 | D:3      | 2649 ||| READING scroll labelled NAOKKAPLAONA.
  2650 | D:3      | 2650 ||| DRINKING 2 fuming clear potions.
  2755 | D:3      | 2755 ||| DRINKING 2 ruby potions.
  2756 | D:3      | 2756 ||| DROPPING potion of berserk rage.
  2798 | D:4      | Found Sunuew's Elemental Accessories.
  2960 | D:4      | Noticed a scorpion
  2962 | D:4      | 2962 ||| FLEEEEING.
  2964 | D:4      | 2964 ||| FLEEEEING.
  2965 | D:4      | 2965 ||| FLEEEEING.
  2966 | D:4      | 2966 ||| FLEEEEING.
  2967 | D:4      | 2967 ||| FLEEEEING.
  2968 | D:4      | 2968 ||| STAIRDANCE
  2985 | D:3      | 2985 ||| READING scroll labelled PACSATW VIMO.
  2988 | D:4      | 2988 ||| STAIRDANCE
  2991 | D:3      | Killed a scorpion
  2992 | D:3      | Reached skill level 3 in Fighting
  2992 | D:3      | Reached XP level 5. HP: 33/46 MP: 5/5
  3496 | D:4      | Noticed an ogre
  3499 | D:4      | Killed an ogre
  3500 | D:4      | Reached skill level 6 in Ranged Weapons
  3500 | D:4      | Reached XP level 6. HP: 52/52 MP: 6/6
  3586 | D:4      | You fall into a shaft and drop 1 floor!
  3586 | D:5      | Entered Level 5 of the Dungeon
  3587 | D:5      | 3587 ||| UPGRADING to +0 pair of gloves.
  3592 | D:5      | 3592 ||| READING scroll labelled LISCHA OP JUN.
  3593 | D:5      | 3593 ||| READING scroll labelled BEDDAILEQO.
  3594 | D:5      | 3594 ||| READING 3 scrolls of identify.
  3594 | D:5      | 3594 ||| IDENTIFYING fizzy white potion
  3595 | D:5      | 3595 ||| READING 2 scrolls of identify.
  3595 | D:5      | 3595 ||| IDENTIFYING sedimented amethyst potion
  3596 | D:5      | 3596 ||| DROPPING potion of ambrosia.
  3597 | D:5      | 3597 ||| DROPPING potion of attraction.
  3601 | D:5      | 3601 ||| FLEEEEING.
  3602 | D:5      | 3602 ||| FLEEEEING.
  3603 | D:5      | 3603 ||| STAIRDANCE
  3623 | D:4      | 3623 ||| READING scroll of enchant armour.
  3623 | D:4      | 3623 ||| ENCHANTING +0 pair of gloves.
  3967 | D:5      | Noticed an ice beast
  3969 | D:5      | Noticed an ice beast
  3976 | D:5      | HP: 13/52 [ice beast (3)]
  3976 | D:5      | Killed an ice beast
  3977 | D:5      | 3977 ||| READING 5 scrolls of teleportation.
  3977 | D:5      | Slain by an ice beast

Levels and vault maps discovered:
D:1:      beargit_arrival_diablo_church, layout_loops_ring
D:2:      layout_basic, st_stairs_2, kennysheep_flooded_box
D:3:      cheibrodos_helix_gallery, layout_basic,
          shapermc_ecumenical_altar_totnotflames, chequers_serial_rivers_marsh,
          kennysheep_generic_room_3
D:4:      layout_basic, nicolae_elemental_shop, hangedman_decor_opposing,
          saegor_snake_ambush
D:5:      layout_gridville, minmay_temple_entry_glassed_door, minivault_1,
          uniq_blork_the_orc, uniq_menkaure

Skill      XL: |  1  2  3  4  5  6 |
---------------+-------------------+-----
Ranged Weapons | 3 4 5 6 |  6.0
Fighting       | 2 3 4 |  4.9
Armour         | 1 |  1.3
Dodging        | |  2.1
Spellcasting   | |  1.0
Hexes          | |  2.0

Action                     |  1- 3 |  4- 6 || total
---------------------------+-------+-------++-------
   Fire: Sling             |   139 |    86 ||   225
    Use: Scroll            |     4 |     9 ||    13
         Potion            |     1 |     2 ||     3
 Armour: Robe              |     2 |       ||     2
         Ring mail         |     1 |    31 ||    32
  Dodge: Dodged            |    26 |    41 ||    67

Table legend:
 A = Non-vault XP
 B = Vault XP
 C = Vault XP percentage of total XP
 D = Non-vault monster count
 E = Vault monster count
 F = Vault count percentage of total count
                 A         B        C        D         E       F
            +---------+---------+-------+---------+---------+-------
      Total |     508 |      43 |   7.8 |      74 |       7 |   8.6
            +---------+---------+-------+---------+---------+-------
        D:1 |      30 |       0 |   0.0 |      18 |       0 |   0.0
        D:2 |      60 |       2 |   3.2 |      25 |       2 |   7.4
        D:3 |     139 |      26 |  15.8 |      19 |       3 |  13.6
        D:4 |     152 |      15 |   9.0 |      10 |       2 |  16.7
        D:5 |     127 |       0 |   0.0 |       2 |       0 |   0.0
            +---------+---------+-------+---------+---------+-------
